 Dungeon Crawl Stone Soup version 0.20-a0-820-g557356e (webtiles) character file.

180 smeego the Slasher (level 5, 0/32 HPs)
             Began as a Tengu Skald on Mar 4, 2017.
             Succumbed to a worker ant's poison
             ... on level 4 of the Dungeon.
             The game lasted 00:07:16 (3757 turns).

smeego the Slasher (Tengu Skald)                    Turns: 3757, Time: 00:07:17

Health: 0/32       AC: 16    Str: 11    XL:     5   Next: 60%
Magic:  9/9        EV:  3    Int: 14    God:
Gold:   268        SH:  0    Dex: 19    Spells: 2/8 levels left

rFire    . . .     SeeInvis .   a - +0 falchion
rCold    . . .     Gourm    .   k - +0 crystal plate armour
rNeg     . . .     Faith    .   (no shield)
rPois    .         Spirit   .   (helmet restricted)
rElec    .         Reflect  .   (no cloak)
rCorr    .         Harm     .   u - +0 pair of gloves
MR       .....                  (boots unavailable)
Stlth    ..........             (no amulet)
Regen    0.1/turn               i - ring of wizardry
MPRegen  0.2/turn               j - ring of wizardry

@: agile, lethally poisoned (0 -> -12), flying quickly and evasively, quick
A: beak, talons 3, able to fly 1
a: no special abilities


You were on level 4 of the Dungeon.
You were not hungry.

You visited 2 branches of the dungeon, and saw 5 of its levels.

You collected 268 gold pieces.

Inventory:

Hand Weapons
 a - a +0 falchion (weapon)
 n - a +0 hand crossbow
Missiles
 g - 20 bolts
Armour
 b - a +0 leather armour
 k - a +0 crystal plate armour (worn)
 u - a +0 pair of gloves (worn)
Jewellery
 e - an uncursed ring of loudness
 i - a ring of wizardry (right hand)
 j - a ring of wizardry (left hand)
Scrolls
 l - a scroll of remove curse
 m - 3 scrolls of identify
 p - a scroll of noise {unknown}
 q - a scroll of enchant weapon {unknown}
 r - a scroll of amnesia {unknown}
 v - a scroll of teleportation {unknown}
Potions
 h - 2 potions of haste {unknown}
 o - a potion of mutation
 t - 2 potions of flight
Books
 c - a book of Battle

   Spells                             Type                      Level
   a - Infusion                       Charms                       1
   b - Shroud of Golubria             Charms/Translocation         2
   c - Song of Slaying                Charms                       2
   d - Spectral Weapon                Hexes/Charms                 3
   e - Regeneration                   Charms/Necromancy            3
Comestibles
 d - 3 bread rations
 f - a royal jelly


   Skills:
 * Level 3.0 Fighting
 * Level 3.2 Long Blades
 + Level 1.4 Crossbows
 * Level 2.7 Armour
 + Level 3.1 Dodging
 + Level 0.9 Unarmed Combat
 - Level 2.1 Spellcasting
 - Level 2.7 Charms


You had 2 spell levels left.
You knew the following spells:

 Your Spells              Type           Power        Failure   Level  Hunger
a - Infusion              Chrm           #...         100%        1    #......
b - Song of Slaying       Chrm           #.......     100%        2    ###....
c - Regeneration          Chrm/Necr      #.........   100%        3    ###....


Dungeon Overview and Level Annotations

Branches:
Dungeon (4/15)             Temple (1/1) D:4

Altars:
Ashenzari
Cheibriados
Gozag
Kikubaaqudgha
Okawaru
Uskayaw
Vehumet
Xom
Yredelemnul
Zin
The Shining One

Annotations:
D:3 Grinder


Innate Abilities, Weirdness & Mutations

You have a beak for a mouth.
You have claws for feet.
You can fly.


Message History

The worker ant is almost dead.
The worker ant bites you but does no damage. x2
Your crystal plate armour prevents you from hitting the worker ant.
You claw the worker ant, but do no damage.
The worker ant is almost dead.
The worker ant bites you.
* * * LOW HITPOINT WARNING * * *
You are lethally poisoned!
The worker ant poisons you!
It was a potion of flight.
You feel very buoyant.
You swoop lightly up into the air.
* * * LOW HITPOINT WARNING * * *
You feel sick. The worker ant bites you.
* * * LOW HITPOINT WARNING * * *
You are more poisoned.
The worker ant poisons you!
It was a potion of agility.
You feel agile all of a sudden.
You die...

#.###.#.###.#
#.# ##### .#
. #.# # #.#
#.# #.# #.#
#.# #@#
#....aw#
#...$..#
#........
#........#
#.......##
#.......#
#.......#


You could see a worm and a worker ant.

Vanquished Creatures
  A bullfrog skeleton (D:3)
  An orc wizard (D:3)
  A worker ant zombie (D:4)
  3 adders (D:2)
  A worm (D:2)
  2 dart slugs (D:1)
  3 leopard geckos
  8 orcs
  2 giant cockroaches
  5 goblins
  4 hobgoblins
  7 jackals
  6 kobolds
  7 bats
  3 frilled lizards
  12 rats
66 creatures vanquished.

Notes
Turn   | Place    | Note
-------+----------+-------------------------------------------
     0 | D:1      | smeego the Tengu Skald began the quest for the Orb.
     0 | D:1      | Reached XP level 1. HP: 12/12 MP: 4/4
    74 | D:1      | Reached XP level 2. HP: 11/17 MP: 6/6
   111 | D:1      | Learned a level 2 spell: Song of Slaying
   717 | D:1      | Reached XP level 3. HP: 22/22 MP: 7/7
   851 | D:2      | Learned a level 3 spell: Regeneration
   943 | D:2      | Found a glowing silver altar of Zin.
  1645 | D:2      | Reached XP level 4. HP: 25/27 MP: 8/8
  1825 | D:3      | Reached skill level 1 in Crossbows
  1911 | D:3      | Noticed Grinder
  1926 | D:3      | Gained mutation: You can fly. [Tengu growth]
  1926 | D:3      | Reached XP level 5. HP: 14/32 MP: 9/9
  2459 | D:3      | Paralysed by Grinder for 2 turns
  2897 | D:4      | Found a staircase to the Ecumenical Temple.
  2981 | Temple   | Entered the Ecumenical Temple
  3259 | D:4      | Noticed a phantom
  3756 | D:4      | HP: 1/32 [worker ant (5)]
  3757 | D:4      | Succumbed to a worker ant's poison

Vault maps used:
D:1:      tarquinn_simple_flora_water_d
D:2:      zin_statuary
D:3:      first_bread, uniq_grinder
D:4:      temple_green
Temple:   jpeg_temple_alley_garden

Skill      XL: |  1  2  3  4  5 |
---------------+----------------+-----
Armour         | 2 |  2.7
Long Blades    | 3 |  3.2
Crossbows      | 1 |  1.4
Fighting       | 3 |  3.0
Dodging        | 3 |  3.1
Unarmed Combat | |  0.9
Spellcasting   | |  2.1
Charms         | |  2.7

Action                   |  1- 3 |  4- 6 || total
-------------------------+-------+-------++-------
Melee: Falchion          |    98 |   201 ||   299
       Peck              |    19 |    32 ||    51
       Kick              |    25 |    54 ||    79
  Use: Scroll            |     2 |     1 ||     3
       Potion            |       |     7 ||     7
  Eat: Chunk             |     1 |     6 ||     7
       Royal jelly       |       |     1 ||     1
Armor: Leather armour    |    25 |       ||    25
       Crystal plate arm |    52 |   349 ||   401
Dodge: Dodged            |    51 |    15 ||    66
       Rpst.: Falchion   |    16 |     6 ||    22
